Cogmind - Beta 9.5 @@@ ROGUE MODE // 2020.04.05 @ 17:30:11 // AFD2020/Player2 Player: Ape Result: Core destroyed Performance ------------- Evolutions (0) 0 Regions Visited (4) 800 Robots Destroyed (21) 105 Value Destroyed (318) 318 Prototype IDs (22) 440 Alien Tech Used (0) 0 Bonus (318) 318 TOTAL SCORE: 1981 Bonus ------- Follower Combat Kills 96 Aligned with FarCom 300 Friendly Fire -78 Cogmind --------- Core Integrity 0/250 Matter 269/300 Energy 265/265 System Corruption 0% Temperature Cool (0) Movement Treading (180) Ox1 Location -9/Mines Parts ------- > --- POWER (1) -------- Improved Ion Engine > --- PROPULSION (2) --- Light Treads Light Treads > --- UTILITY (2) ------ Large Storage Unit Large Storage Unit > --- WEAPON (2) ------- Assault Rifle Mini Grenade Launcher > --- INVENTORY (16) --- Light Ion Engine Light Ion Engine Light Treads Light Treads Improved Heat Sink Large Battery (300) High-capacity Matter Pod (200) Experimental Sensor Array Light Armor Plating Light Armor Plating Light Armor Plating Firepult Light Assault Rifle Light Assault Rifle Peak State ------------ > --- POWER ------------ Light Ion Engine > --- PROPULSION ------- Light Treads Light Treads > --- UTILITY ---------- Large Storage Unit Large Storage Unit > --- WEAPON ----------- Firepult > --- INVENTORY -------- Light Ion Engine Light Treads Light Treads Light Treads Light Treads Improved Heat Sink Large Battery High-capacity Matter Pod Experimental Sensor Array Light Armor Plating Light Armor Plating Light Armor Plating Light Assault Rifle Light Assault Rifle [Rating: 27] Favorites ----------- Power Light Ion Engine Engine Light Ion Engine Propulsion Light Treads Treads Light Treads Utility Large Storage Unit Device PSU Rigger Storage Large Storage Unit Weapon Light Assault Rifle Energy Cannon Firepult Ballistic Gun Light Assault Rifle Launcher Mini Grenade Launcher Build | -11 -10 -10 -10 -9 ------- Run | Scr Mat Min Exi Min Slots Evolved . | . . . . . Power . | . . . . . Propulsion . | . . . . . Utility . | . . . . . Weapon . | . . . . . Parts Attached 31 | 6 2 5 2 16 Power 8 | 1 . 3 . 4 Engine 8 | 1 . 3 . 4 Core . | . . . . . Reactor . | . . . . . Propulsion 6 | 2 . . . 4 Treads 6 | 2 . . . 4 Leg . | . . . . . Wheel . | . . . . . Hover . | . . . . . Flight . | . . . . . Utility 5 | 1 2 . 2 . Device 1 | . . . 1 . Storage 4 | 1 2 . 1 . Processor . | . . . . . Hackware . | . . . . . Protection . | . . . . . Artifact . | . . . . . Weapon 12 | 2 . 2 . 8 Energy Gun . | . . . . . Energy Cannon 2 | . . . . 2 Ballistic Gun 9 | 2 . 2 . 5 Ballistic Cannon . | . . . . . Launcher 1 | . . . . 1 Special Weapon . | . . . . . Impact Weapon . | . . . . . Slashing Weapon . | . . . . . Piercing Weapon . | . . . . . Special Melee Weapon . | . . . . . Unidentified Prototypes . | . . . . . Parts Lost 5 | . . . . 5 Power 2 | . . . . 2 Propulsion 2 | . . . . 2 Utility . | . . . . . Weapon 1 | . . . . 1 Highest Loss Streak 5 | . . . . 5 Average Slot Usage (%) 99 | . 98 100 99 98 Engine 13 | . 14 14 14 13 Treads 28 | . 28 28 28 28 Storage 27 | . 26 28 27 28 Ballistic Gun 27 | . 28 28 28 26 Naked Turns . | . . . . . Heaviest Build 42 | 10 38 38 38 42 Greatest Support 40 | 40 40 40 40 40 Greatest Overweight (x) 1 | . . . . 1 Average Overweight (x) . | . . . . . Largest Inventory Capacity 16 | 6 16 16 16 16 Average Capacity 15 | 5 15 16 15 16 Most Carried 16 | 6 9 15 16 16 Average Carried 12 | 3 5 12 15 14 Final Capacity 16 | 6 16 16 16 16 Final Carried 16 | 6 9 15 16 15 Class Distribution -------------------- 93% | Mutant 6% | Scavenger-Mutant Dominant Class ---------------- Mutant | -10/Materials Mutant | -10/Mines Mutant | -10/Exiles Mutant | -9/Mines Resources | -11 -10 -10 -10 -9 ----------- Run | Scr Mat Min Exi Min Matter Collected 690 | 260 124 111 10 185 Remotely . | . . . . . Salvage Created 450 | . 161 173 . 116 Parts 31 | . 12 12 . 7 Haulers Intercepted 1 | . 1 . . . Recyclers Shooed 2 | . 1 1 . . Parts Field Recycled . | . . . . . Retrieved Matter . | . . . . . Parts Self-Destructed . | . . . . . Prevented . | . . . . . Kills | -11 -10 -10 -10 -9 ------- Run | Scr Mat Min Exi Min Combat Hostiles Destroyed 18 | . 4 3 . 11 Guns 10 | . 4 3 . 3 Cannons 1 | . . . . 1 AOE 7 | . . . . 7 Classes Destroyed 7 | . 3 2 . 2 Worker 1 | . . 1 . . Tunneler 1 | . . 1 . . Hauler 1 | . 1 . . . Swarmer 6 | . 2 1 . 3 Grunt 4 | . 2 2 . . Demolisher 1 | . . . . 1 Assembled 7 | . . . . 7 Best Kill Streak 7 | . 2 1 . 7 Combat Bots Only 7 | . 2 1 . 7 Max Kills in Single Turn 5 | . 1 1 . 5 Gunslinging . | . . . . . Exploded 5 | . . . . 5 Melee . | . . . . . Uniques/NPCs Destroyed . | . . . . . Combat | -11 -10 -10 -10 -9 -------- Run | Scr Mat Min Exi Min Damage Taken 1127 | . 259 64 . 804 Core 139 | . 53 . . 86 Absorbed by Shields . | . . . . . Core Remaining (%) 100 | 100 . . . . Volleys Fired 57 | . 31 13 . 13 Largest 2 | . 2 2 . 2 Hottest 250 | . 40 40 . 250 Shots Fired 104 | . 62 25 . 17 Gun 98 | . 62 25 . 11 Cannon 3 | . . . . 3 Launcher 3 | . . . . 3 Special . | . . . . . Kinetic 98 | . 62 25 . 11 Thermal 3 | . . . . 3 Explosive 3 | . . . . 3 Electromagnetic . | . . . . . Robot Hit Streak 10 | . 4 7 . 10 Robot Miss Streak 4 | . 3 3 . 4 Penetration Max . | . . . . . Secondary Targets 4 | . . 2 . 2 Max Gunslinging Chain 1 | . . 1 . 1 Shots Hit Robots 57 | . 32 17 . 8 Core Hits 44 | . 14 10 . 20 Critical Hits . | . . . . . Critical Kills . | . . . . . Critical Parts Destroyed . | . . . . . Melee Attacks . | . . . . . Impact . | . . . . . Slashing . | . . . . . Piercing . | . . . . . Sneak Attacks . | . . . . . Combat Hostiles . | . . . . . Follow-up Attacks . | . . . . . Damage Inflicted 1052 | . 378 196 . 478 Guns 654 | . 378 196 . 80 Cannons 52 | . . . . 52 Explosions 346 | . . . . 346 Melee . | . . . . . Ramming . | . . . . . Kinetic 654 | . 378 196 . 80 Thermal 398 | . . . . 398 Explosive . | . . . . . Electromagnetic . | . . . . . Impact . | . . . . . Slashing . | . . . . . Piercing . | . . . . . Highest Corruption . | . . . . . Average Corruption . | . . . . . Corruption Purged . | . . . . . Overload Shots . | . . . . . Overflow Damage 1 | . . . . 1 Projectiles . | . . . . . Explosions 1 | . . . . 1 Melee . | . . . . . Knockbacks . | . . . . . Impact . | . . . . . Kinetic . | . . . . . Secondary . | . . . . . Self-Inflicted Damage . | . . . . . Shots . | . . . . . Rammed . | . . . . . Targets Rammed . | . . . . . Kicked . | . . . . . Crushed . | . . . . . Highest Temperature 420 | . 16 . . 420 Average Temperature 153 | . 8 . . 185 Received Heat Transfer 117 | . 66 24 . 27 Effects 3 | . . . . 3 Energy Bleed 1 | . . . . 1 Interference 1 | . . . . 1 Matter Decay 1 | . . . . 1 Siege Activations . | . . . . . Robots Corrupted . | . . . . . Combat Hostiles . | . . . . . Parts Fried . | . . . . . Impact Corruptions . | . . . . . Robots Melted . | . . . . . Combat Hostiles . | . . . . . Parts Melted . | . . . . . Heat Transferred 2320 | . . . . 2320 Parts Sabotaged . | . . . . . Parts Stolen . | . . . . . Parts Stripped . | . . . . . Power Chain Reactions . | . . . . . Missiles Intercepted . | . . . . . Alert | -11 -10 -10 -10 -9 ------- Run | Scr Mat Min Exi Min Peak Influence 260 | . 260 233 . 95 Average Influence 72 | . 110 82 . 41 Maximum Alert Level 1 | . 1 1 . . Low Security (%) 88 | 100 78 84 . 100 Level 1 11 | . 21 15 . . Level 2 . | . . . . . Level 3 . | . . . . . Level 4 . | . . . . . Level 5 . | . . . . . High Security . | . . . . . Max Security . | . . . . . Squads Dispatched . | . . . . . Investigation . | . . . . . Extermination . | . . . . . Reinforcement . | . . . . . Assault . | . . . . . Garrison . | . . . . . Intercept . | . . . . . Construction Impeded . | . . . . . Haulers Reinforced . | . . . . . Stealth | -11 -10 -10 -10 -9 --------- Run | Scr Mat Min Exi Min Distress Signals . | . . . . . Communications Jammed . | . . . . . Distress Signals . | . . . . . Times Spotted 40 | . 9 6 . 25 Peak Tracking Total 16 | . 3 3 . 16 Tactical Retreats . | . . . . . Traps | -11 -10 -10 -10 -9 ------- Run | Scr Mat Min Exi Min Traps Triggered . | . . . . . Indirectly . | . . . . . Trap Hack Attempts . | . . . . . Triggered . | . . . . . Disarmed . | . . . . . Reprogrammed . | . . . . . Reused . | . . . . . Traps Extracted . | . . . . . Installed . | . . . . . Triggered . | . . . . . Machines | -11 -10 -10 -10 -9 ---------- Run | Scr Mat Min Exi Min Machines Disabled 2 | . 2 . . . Max in Single Turn . | . . . . . Machines Sabotaged . | . . . . . Garrisons Compromised . | . . . . . Overloaded Fab Kills . | . . . . . Fab Network Shutdowns . | . . . . . Hacking | -11 -10 -10 -10 -9 --------- Run | Scr Mat Min Exi Min Machines Accessed 5 | . 4 . 1 . Terminals 4 | . 4 . . . Fabricators . | . . . . . Repair Stations . | . . . . . Recycling Units . | . . . . . Scanalyzers . | . . . . . Garrison Access . | . . . . . Total Hacks 11 | . 10 . 1 . Successful 7 | . 6 . 1 . Failed 4 | . 4 . . . Catastrophic . | . . . . . Database Lockouts . | . . . . . Manual 9 | . 8 . 1 . Terminals 10 | . 10 . . . Fabricators . | . . . . . Repair Stations . | . . . . . Recycling Units . | . . . . . Scanalyzers . | . . . . . Garrison Access . | . . . . . Terminal Hacks 3 | . 2 . 1 . Locate Traps 2 | . 2 . . . EX-Prototype ID Bank 1 | . . . 1 . Fabricator Hacks . | . . . . . Repair Station Hacks . | . . . . . Recycling Unit Hacks . | . . . . . Scanalyzer . | . . . . . Garrison Access Hacks . | . . . . . Unauthorized Hacks 11 | . 11 . . . Terminals 4 | . 4 . . . Track 2 | . 2 . . . Botnet 1 | . 1 . . . Operators 1 | . 1 . . . Fabricators . | . . . . . Repair Stations . | . . . . . Recycling Units . | . . . . . Scanalyzers . | . . . . . Garrison Access . | . . . . . Data Cores Recovered . | . . . . . Used . | . . . . . Hacking Detections 4 | . 4 . . . Full Trace Events . | . . . . . Feedback Events . | . . . . . Feedback Blocked . | . . . . . Robot Schematics Acquired . | . . . . . Robots Built . | . . . . . Matter . | . . . . . Time . | . . . . . Total Robot Build Rating . | . . . . . Part Schematics Acquired . | . . . . . Parts Built . | . . . . . Matter . | . . . . . Time . | . . . . . Total Part Build Rating . | . . . . . Parts Repaired . | . . . . . Time . | . . . . . Parts Recycled . | . . . . . Recycled Matter . | . . . . . Retrieved Matter . | . . . . . Retrieved Components . | . . . . . Parts Scanalyzed . | . . . . . Part Schematics Acquired . | . . . . . Parts Damaged . | . . . . . Bothacking | -11 -10 -10 -10 -9 ------------ Run | Scr Mat Min Exi Min Used RIF Installer . | . . . . . Robots Hacked . | . . . . . Non-combat . | . . . . . Combat . | . . . . . Robot Hacks Applied . | . . . . . Relay Couplers Released . | . . . . . Robots Rewired . | . . . . . Allies Hacked . | . . . . . Hacks Repelled . | . . . . . Allies | -11 -10 -10 -10 -9 -------- Run | Scr Mat Min Exi Min Total Allies 4 | . 1 3 . . Largest Group 4 | . 1 4 3 3 Highest-Rated Group 99 | . 57 99 92 92 Highest-Rated Ally 61 | . 57 60 60 61 Total Orders . | . . . . . Ally Attacks 64 | . 21 9 . 34 Total Damage 1434 | . 382 220 . 832 Kills 16 | . 4 4 . 8 Allies Corrupted . | . . . . . Allies Melted . | . . . . . Intel | -11 -10 -10 -10 -9 ------- Run | Scr Mat Min Exi Min Robot Analysis Total . | . . . . . Derelict Logs Recovered 4 | . . 2 . 2 Drone Launches . | . . . . . Drone Recoveries . | . . . . . Exploration | -11 -10 -10 -10 -9 ------------- Run | Scr Mat Min Exi Min Turns Passed 3065 | 68 474 922 881 720 Spaces Moved 1685 | 38 221 534 533 359 Core 6 | 6 . . . . Treads 1679 | 32 221 534 533 359 Legs . | . . . . . Wheels . | . . . . . Hover . | . . . . . Flight . | . . . . . Fastest Speed 50 | 50 160 160 160 160 Average Speed 161 | 142 160 160 160 167 Slowest Speed 180 | 160 160 160 160 180 Overloaded Moves . | . . . . . Propulsion Burnouts . | . . . . . Robots Hopped . | . . . . . Cave-ins Triggered . | . . . . . Exploration Rate (%) 62 | 3 51 98 90 71 Regions Visited 4 Branch Regions 3 Pre-discovered Areas . | . . . . . Known Exits Taken . | . . . . . Unknown Exits Taken 4 | 1 1 1 1 . Scrap Searched 2 | . . 1 . 1 Spaces Dug 31 | . . . . 31 Terrain Destroyed 45 | . . . . 45 Melee . | . . . . . Projectile 2 | . . . . 2 AOE 43 | . . . . 43 Actions | -11 -10 -10 -10 -9 --------- Run | Scr Mat Min Exi Min Total 1942 | 49 288 578 563 464 Wait 113 | . 21 22 13 57 Move 1681 | 37 220 533 532 359 Hop . | . . . . . Pick Up 34 | 6 8 3 10 7 Fast Attach 12 | 6 1 . 2 3 Attach 7 | . . . . 7 Detach 3 | . . . . 3 Swap 12 | . 1 5 . 6 Drop 23 | . 6 2 6 9 Fire 57 | . 31 13 . 13 Melee . | . . . . . Ram . | . . . . . Kick . | . . . . . Crush . | . . . . . Escape Stasis . | . . . . . Rewire . | . . . . . Trap . | . . . . . Miscellaneous . | . . . . . Route ------- -11/Scrapyard -10/Materials (discovered 2 exits: [*Mat] / [*Min]) -10/Mines (discovered 3 exits: [*Mat x2] / *Exi) -10/Exiles -9/Mines History --------- Turn | Location | Event 8 | -11/Scrapyard | Discovered new exit (range 15) 69 | -11/Scrapyard | Entered Materials 218 | -10/Materials | Discovered new exit (range 16) 302 | -10/Materials | Build established: Mutant 421 | -10/Materials | Discovered new exit (range 13) 543 | -10/Materials | Entered Mines 543 | -10/Mines | Accompanied by 1 ally 577 | -10/Mines | Met a Derelict bent on vengeance 642 | -10/Mines | Discovered new exit (range 5) 710 | -10/Mines | Assisted by bots powering up and referring to "LRC-V3" 745 | -10/Mines | Received a Rocket Launcher from a helpful Derelict 1026 | -10/Mines | Deemed a non-threat by the Exiles lab entrance 1026 | -10/Mines | Discovered new exit (range 5) 1110 | -10/Mines | Learned 4 Materials zone layouts 1221 | -10/Mines | Learned location of 1 exit from Materials 1321 | -10/Mines | Discovered new exit (range 5) 1465 | -10/Mines | Entered Exiles 1465 | -10/Exiles | Accompanied by 3 allies 1505 | -10/Exiles | Met 8R-AWN 1531 | -10/Exiles | Met EX-HEX 1644 | -10/Exiles | Met EX-DEC 1669 | -10/Exiles | Visited The Gauntlet 2024 | -10/Exiles | Met EX-BIN 2062 | -10/Exiles | Aligned with FarCom system 2064 | -10/Exiles | Given EX-Vault access code 2117 | -10/Exiles | Opened EX-Vault 2131 | -10/Exiles | Found Firepult 2164 | -10/Exiles | Found PSU Rigger 2225 | -10/Exiles | Warned to stay clear of 0b10 Research branches 2324 | -10/Exiles | Discovered new exit (range 12) 2346 | -10/Exiles | Left Exiles lab with Firepult 2346 | -10/Exiles | Entered Mines 2346 | -9/Mines | Accompanied by 3 allies 2382 | -9/Mines | Learned Materials terminal intel 2552 | -9/Mines | Found a damaged Exp. Sensor Array with a note attached 2556 | -9/Mines | Found Prototype Device 2603 | -9/Mines | Assembled infested the area 2636 | -9/Mines | Destroyed 7 combat bots 2640 | -9/Mines | Core integrity fell below 50% 2667 | -9/Mines | Core integrity fell below 20% 2670 | -9/Mines | Lost 5 parts (2p2n1w) 2718 | -9/Mines | Learned location of 1 exit from Materials 3066 | -9/Mines | Core destroyed Last Messages --------------- 02723_ U-05 Engineer lays Concrete. 02726_ K-01 Serf collects debris. 02727_ U-05 Engineer builds a Wall. 02730_ K-01 Serf collects debris. 02737_ U-05 Engineer lays Concrete. 02739_ K-01 Serf collects debris. 02739_ U-05 Engineer builds a Wall. 02747_ K-01 Serf collects debris. 02748_ U-05 Engineer lays Concrete. 02755_ K-01 Serf collects debris. 02756_ U-05 Engineer builds a Wall. 02759_ K-01 Serf collects debris. 02766_ Player 2 acquires Com. Wheel. 02780_ Acquired 10 matter. 02791_ Acquired Mni. Grenade Launcher. 03039_ The unstable cave ceiling collapses. 03043_ Acquired 9 matter. 03046_ The unstable cave ceiling collapses. 03063_ C-30 ARC bursts open, deploying its payload. 03063_ G-47 Trooper unfolds itself. Map ----- +----------------------------------------------------+ | ???????????????????????????????????????? | | ???????????????????????????????????????? | | ???????????????????????????????????????? | | ???????????????????????????????????????? | | ???????????????????????????????????????? | | ???????????????????????????????????????? | | ???????????????????????????????????????? | | ???????????????????????????????????????? | | ???????????????????????????????????????? | | ????##### #????????????????????????????? | | ????# #?#########??????????????????? | | ????# #####?# #??????????????????? | | ????# #?????# """ #??????????????????? | | ????# #?????# """ #??????????????????? | | ????# #?????# """ #??????????????????? | | ????# #?????# #??????????????????? | | ????# #?????##### ##??????????? ????? | | ????# #?????????# #???????????? ??? | | ????# #?????????# #???????????? ??? | | ????# #?????????# #???????????# ??? | | ????# ###???????# ##???????#### ???? | | ????# ##?????## #######?# ???? | | ????# #???### ## ### ???? | | ???## ##?## ## #???? | | ??## ### #???? | | ??# k @ #???? | | ??# % #### #@#g ##??? | | ??#! ##??### # g# ##? | | ??#[% ###???##### # # % ## | | ??## ##????## ###### ## | | ???# ##????## ########## | | ???# #????## ## ##?### | | ???# ###### # ### # ## | | ???# % % % ## # ## | | ???##### ### #### # # | | ???????# ## " ## | | ???????# ## ## ### ### ! ! | | ???????## ## ### ### # % !% | | ????????# ## # # % ## | | ????????## ### # ## ####? | | ?????????####?# ### # # ##???? | | ??????????????### # # # ## #????? | | ?????????????## #" # ## #???? | | ?????????????# ## #### #???? | | ?????????????# ########### | | ?????????????## | | ??????????????### | | ????????????????## %########### | | ?????????????????## ## ###?????????? | | ??????????????????####### #?????????# | +----------------------------------------------------+ Best States ------------- Heat Dissipation 25 Energy Generation 12 Energy Capacity 265 Matter Stores 300 Matter Capacity 300 Sight Range 16 Terrain Scan Density 10 Evasion (%) 40 Recoil Reduction 2 Item Schematics ----------------- None Robot Schematics ------------------ None Fabricated ------------ Nothing Alien Tech Used ----------------- None Achievements -------------- None Challenges ------------ None Game ------ Seed DynamicRelayField Manual? 0 Play Time 00:29:29 Cumulative 198.7 hours Start 2020.04.05 @ 17:00:02 End 2020.04.05 @ 17:30:11 Sessions 1 Manual Loads 0 Difficulty Rogue Special Mode AFD2020/Player2 Game No. 98 Rogue 98 Adventurer 0 Explorer 0 Win Type - Total 10 Types 6/0/4/0/0/0/0 Lore% 74 Gallery% 82 Achievement% 62 Wizard Run 0 Options --------- ASCII 0 Keyboard 1 Movement Numpad Keybinds 0 Fullscreen 2 Font 36/TerminusFine Map View 76x50 Tactical HUD 1 Map Filters NONE Filters NONE Steam 1 RUN: 19c9f5ac-d425-47a7-ab5f-867078d0dd1b